cohdb
Replays
Latest Replays
All Replays
Popular Replays
Top Player Replays
Match Explorer
How It Works
Community
CoH3 Stats
Reddit
Sign in to upload your games and track your stats! →
Sign in with Steam
Match 46832590
Unlisted
Match 46832590
Overview
Messages
Build Orders
End
Scout Squad
Scout Squad
Construct Barracks
Selects Advanced Infantry Battlegroup
Selects Advanced Infantry Battlegroup
Riflemen Squad
Riflemen Squad
Grenade Package
Selects Artillery Observers
Riflemen Squad
Construct Medical Station
Infantry Support Center
Construct Weapon Support Center
M3 Armored Personnel Carrier
Advanced Logistics
Bazooka Squad
Selects Convert to Ranger Squad
Selects Designate Assault Position
Bazooka Squad
Selects Infantry Assault
Infantry Assault
Improved M9 Bazooka Rockets
Construct Tank Depot
Infantry Assault
Bazooka Squad
Selects M2A1 105mm Howitzer Emplacement
Bazooka Squad
M4A1 Sherman Medium Tank
Engineer Squad
Dr. Jekyll
PutPut-AusarTheVile
T.R. Olvadi
Makros
0
0
Comments
sign in to comment!
No comments posted yet!